 Dungeon Crawl Stone Soup version 0.18-a0-1229-ge9a1a01 (webtiles) character file.

3180 inmateoo the Firebug (level 9, -26/68 HPs)
             Began as a Demigod Fire Elementalist on Feb 4, 2016.
             Killed from afar by an ice statue (38 damage)
             ... with a bolt of cold
             ... on level 8 of the Dungeon.
             The game lasted 00:18:14 (7911 turns).

inmateoo the Firebug (Demigod Fire Elementalist)    Turns: 7911, Time: 00:18:15

Health: -26/68     AC: 12    Str: 12    XL:     9   Next: 37%
Magic:  18/21      EV: 17    Int: 27    God:
Gold:   413        SH:  0    Dex: 22    Spells: 3 memorised, 9 levels left

rFire  + . .     SeeInvis .     v - +0 long sword
rCold  . . .     Gourm    .     G - +1 ring mail of Birdsong {Str+4}
rNeg   . . .     Faith    .     (no shield)
rPois  +         Spirit   .     (no helmet)
rElec  .         Dismiss  .     y - +0 cloak
rCorr  .         Reflect  .     o - +0 pair of gloves
SustAt +         Harm     .     m - +2 pair of boots "Zilineyll" {rPois Str-3 Dex+4}
MR     .....                    (no amulet)
Stlth  +++.......               s - ring of protection from fire
                                K - +4 ring of evasion

@: not resistant to hostile enchantments, fairly stealthy
A: agile 1, clever 1, high mp 2, robust 1, sustain attributes
a: no special abilities


You were on level 8 of the Dungeon.
You were hungry.

You visited 1 branch of the dungeon, and saw 8 of its levels.
You also visited: Sewer.

You collected 438 gold pieces.
You spent 25 gold pieces at shops.

Inventory:

Hand Weapons
 v - a +0 long sword (weapon)
Armour
 m - the +2 pair of boots "Zilineyll" (worn) {rPois Str-3 Dex+4}
   (You found it on level 4 of the Dungeon)

   It affects your strength (-3).
   It affects your dexterity (+4).
   It protects you from poison.
 o - a +0 pair of gloves (worn)
 y - a +0 cloak (worn)
 G - the +1 ring mail of Birdsong (worn) {Str+4}
   (You found it on level 5 of the Dungeon)

   It affects your strength (+4).
Jewellery
 a - an uncursed ring of resist corrosion
 n - an uncursed ring of positive energy
 s - a ring of protection from fire (right hand)
 K - a +4 ring of evasion (left hand)
Wands
 q - a wand of iceblast (8/15)
 t - a wand of teleportation (5/9)
 F - a wand of slowing (35/48)
Scrolls
 e - 2 scrolls of magic mapping
 g - a scroll of remove curse
 j - a scroll of blinking
 w - 9 scrolls of teleportation
 C - 2 scrolls of fear
 E - a scroll of identify
Potions
 f - a potion of invisibility
 i - 3 potions of heal wounds
 l - a potion of brilliance
 r - 7 potions of flight
 x - 5 potions of curing
 A - a potion of berserk rage
 D - a potion of cure mutation
 I - a potion of lignification {unknown}
 J - a potion of might
Books
 b - a book of Flames

   Spells                             Type                      Level
   a - Flame Tongue                   Conjuration/Fire             1
   b - Throw Flame                    Conjuration/Fire             2
   c - Conjure Flame                  Conjuration/Fire             3
   d - Inner Flame                    Hexes/Fire                   3
   e - Sticky Flame                   Conjuration/Fire             4
   f - Fireball                       Conjuration/Fire             5
 p - a book of Transfigurations

   Spells                             Type                      Level
   a - Stoneskin                      Transmutation/Earth          2
   b - Irradiate                      Conjuration/Transmutation    5
   c - Statue Form                    Transmutation/Earth          6
   d - Hydra Form                     Transmutation                6
   e - Dragon Form                    Transmutation                7
 H - a book of Frost

   Spells                             Type                      Level
   a - Freeze                         Ice                          1
   b - Throw Frost                    Conjuration/Ice              2
   c - Ozocubu's Armour               Charms/Ice                   3
   d - Throw Icicle                   Conjuration/Ice              4
   e - Summon Ice Beast               Ice/Summoning                4
   f - Condensation Shield            Ice                          4
Comestibles
 c - 5 bread rations
 d - 2 meat rations
 h - 8 beef jerkies
 u - 4 fruits
 z - 2 royal jellies


   Skills:
 + Level 3.3 Armour
 - Level 4.0 Dodging
 + Level 5.5 Stealth
 + Level 4.9 Spellcasting
 + Level 5.1 Conjurations
 * Level 7.7 Fire Magic


You had 9 spell levels left.
You knew the following spells:

 Your Spells              Type           Power        Failure   Level  Hunger
a - Flame Tongue          Conj/Fire      #####        1%          1    None
c - Conjure Flame         Conj/Fire      #####...     3%          3    #......
d - Sticky Flame          Conj/Fire      #####...     12%         4    ###....


Dungeon Overview and Level Annotations

Branches:
Dungeon (8/15)             Temple (0/1) D:7
   Lair: D:8-11

Shops:
D:5 *

Annotations:
D:8 exclusions: ice statue and ugly thing


Innate Abilities, Weirdness & Mutations

You have a considerably increased reservoir of magic (+20% MP).
Your attributes are resistant to harm.
You are agile. (Dex +2)
Your mind is acute. (Int +2)
You are robust (+10% HP).


Message History

Casting: Flame Tongue
Confirm with . or Enter, or press ? or * to list all spells.
Aiming: Flame Tongue
Press: ? - help, Shift-Dir - straight line, f/p - ice statue
Aim: an ice statue (heavily damaged)
You hear a sizzling sound!
You are engulfed in freezing vapours.
Casting: Flame Tongue
Confirm with . or Enter, or press ? or * to list all spells.
Aiming: Flame Tongue
Press: ? - help, Shift-Dir - straight line, f/p - ice statue
Aim: an ice statue (heavily damaged)
The flame tongue hits the ice statue.
The ice statue appears unharmed.
The ice statue is heavily damaged.
You are engulfed in freezing vapours.
* * * LOW HITPOINT WARNING * * *
The ice statue throws cold at you. The bolt of cold hits you!
Ouch! That really hurt!
You die...

.........#
.....##.#.#..<#.#
........## ....
#(#.#.....#.
######### ...
##........... ..
##/###......... .
##.?.##..######
##..8.!##.#
##.§..§##..#
##..§.§##..##
###...§@##..##
#....§§##..##
##...§....##
#####...## #####


You could see an ice statue.

Vanquished Creatures
  A deep elf mage (D:6)
  The ghost of FrancescoMac the Nimble, a novice FeTm of Nemelex Xobeh (D:8)
  Menkaure (D:4)
  Purgy (Sewer)
  2 ice beasts
  3 ogres
  A sky beast (D:6)
  2 necrophages (D:5)
  2 phantoms
  A centaur (D:6)
  2 big kobolds (D:7)
  2 giant frogs
  3 scorpions
  3 crimson imps
  3 giant frog zombies
  A hound (D:6)
  Crazy Yiuf (D:4)
  4 orc wizards
  2 giant frog skeletons
  4 worker ants
  3 hound skeletons
  7 gnolls
  14 adders
  A river rat (D:4)
  An adder skeleton (D:4)
  A worm (D:2)
  5 giant geckos
  13 orcs
  7 giant cockroaches
  8 hobgoblins
  12 jackals
  17 kobolds
  6 quokkas
  3 ball pythons
  3 bats
  11 giant newts
  7 goblins
  13 rats
172 creatures vanquished.

Vanquished Creatures (others)
  5 plants (D:8)
5 creatures vanquished.

Grand Total: 177 creatures vanquished

Notes
Turn   | Place    | Note
--------------------------------------------------------------
     0 | D:1      | inmateoo the Demigod Fire Elementalist began the quest for the Orb.
     0 | D:1      | Reached XP level 1. HP: 14/14 MP: 5/5
   227 | D:1      | Reached skill level 3 in Fire Magic
   378 | D:1      | Reached XP level 2. HP: 20/20 MP: 4/7
   584 | D:1      | Learned a level 2 spell: Throw Flame
  1280 | D:2      | Reached skill level 1 in Conjurations
  1280 | D:2      | Reached XP level 3. HP: 26/26 MP: 4/8
  1285 | D:2      | Learned a level 3 spell: Conjure Flame
  1726 | D:2      | Found a blossoming altar of Fedhas.
  1801 | D:2      | Found a shadowy altar of Dithmenos.
  1802 | D:2      | Found an oddly glowing altar of Pakellas.
  1890 | D:3      | Reached XP level 4. HP: 33/33 MP: 5/10
  2317 | D:3      | Reached XP level 5. HP: 12/38 MP: 1/11
  2360 | D:3      | HP: 1/38 [poisoned by an adder]
  2607 | D:3      | Reached skill level 4 in Fire Magic
  2919 | D:3      | Found a white marble altar of Elyvilon.
  3201 | D:4      | Reached XP level 6. HP: 42/45 MP: 5/13
  3207 | D:4      | Got a pair of jewelled boots
  3213 | D:4      | Identified the +2 pair of boots "Zilineyll" {rPois Str-3 Dex+4} (You found it on level 4 of the Dungeon)
  3252 | D:4      | Noticed Crazy Yiuf
  3257 | D:4      | Killed Crazy Yiuf
  3531 | D:4      | Noticed Menkaure
  3552 | D:4      | Learned a level 4 spell: Sticky Flame
  3695 | D:4      | Killed Menkaure
  3695 | D:4      | Reached skill level 5 in Fire Magic
  3695 | D:4      | Reached XP level 7. HP: 50/50 MP: 0/15
  3755 | D:4      | Found a glowing drain.
  3770 | Sewer    | Entered a sewer
  4013 | Sewer    | Noticed Purgy
  4030 | Sewer    | Killed Purgy
  4339 | D:5      | Entered Level 5 of the Dungeon
  4422 | D:5      | Got a polished ring mail
  4433 | D:5      | Identified the +1 ring mail of Birdsong {Str+4} (You found it on level 5 of the Dungeon)
  4824 | D:5      | Found Wuuge's Assorted Antiques.
  4827 | D:5      | Bought a scroll labeled XISY OMUOTE for 25 gold pieces
  4959 | D:5      | Reached XP level 8. HP: 57/57 MP: 8/17
  5133 | D:6      | Reached skill level 1 in Armour
  5272 | D:6      | Reached skill level 6 in Fire Magic
  5429 | D:6      | Gained mutation: You are robust (+10% HP). [mutagenic meat]
  5430 | D:6      | Gained mutation: You are agile. (Dex +2) [mutagenic meat]
  5431 | D:6      | Gained mutation: You have a considerably increased reservoir of magic (+20% MP). [mutagenic meat]
  5432 | D:6      | Gained mutation: Your mind is acute. (Int +2) [mutagenic meat]
  6044 | D:6      | Noticed a deep elf mage
  6058 | D:6      | Killed a deep elf mage
  6058 | D:6      | Reached skill level 5 in Stealth
  6058 | D:6      | Reached skill level 7 in Fire Magic
  6058 | D:6      | Reached XP level 9. HP: 62/68 MP: 10/20
  6312 | D:7      | Found a snail-covered altar of Cheibriados.
  6331 | D:7      | Found a glowing silver altar of Zin.
  6348 | D:7      | Found a radiant altar of Vehumet.
  6354 | D:7      | Found a staircase to the Ecumenical Temple.
  6424 | D:7      | Found a basalt altar of Yredelemnul.
  6949 | D:8      | Noticed a red ugly thing
  6962 | D:8      | Reached skill level 5 in Conjurations
  7330 | D:8      | Noticed an ice statue
  7330 | D:8      | Noticed FrancescoMac's ghost (novice FeTm)
  7376 | D:8      | Killed FrancescoMac's ghost
  7911 | D:8      | Killed from afar by an ice statue

Vault maps used:
D:1:      sevenhm_arrival_forest_fort_large_1, serial_bayou_lake_a
D:2:      gammafunk_temple_overflow_statue, first_bread, fedhas_altar_3
D:3:      elyvilon_altar_5
D:4:      portal_sewer_entry_e, kennysheep_generic_room_13, uniq_menkaure,
          uniq_crazy_yiuf_cottage
D:5:      serial_shops, kennysheep_mini_moat
D:6:      hangedman_decor_clover_reticule, hangedman_decor_opposing,
          grunt_ministairs_14, guppyfry_early_elven_hall
D:7:      nicolae_overflow_quartered_altars,
          minmay_temple_entry_statues_fountains
D:8:      minmay_separated_statues, david_lair_shrubbed, grunt_ogre_cave
Sewer:    sewer_co_purgy_island

Action                   |  1- 3 |  4- 6 |  7- 9 || total
-------------------------+-------+-------+-------++-------
Melee: Unarmed           |    10 |       |       ||    10
       Club              |     9 |    34 |       ||    43
       Long sword        |       |     5 |   225 ||   230
 Cast: Flame Tongue      |    94 |   112 |   177 ||   383
       Conjure Flame     |       |     5 |     9 ||    14
       Sticky Flame      |       |     1 |     4 ||     5
Evoke: Wand              |       |       |     1 ||     1
  Use: Scroll            |       |    11 |    10 ||    21
       Potion            |       |     3 |     1 ||     4
 Stab: Sleeping          |       |     2 |     1 ||     3
  Eat: Chunk             |     4 |     6 |    17 ||    27
       Pizza             |       |       |     1 ||     1
